 Dungeon Crawl Stone Soup version 0.29.0-13-gc9e81de378 (webtiles) character file.

Game seed: 15178276979420689803

12874 mdonais the Transmogrifier (level 12, -7/81 HPs)
             Began as an Octopode Cinder Acolyte on Sept 8, 2022.
             Was a High Priest of Ignis.
             Mangled by a cane toad (24 damage)
             ... on level 1 of the Lair of Beasts.
             The game lasted 00:56:50 (16635 turns).

mdonais the Transmogrifier (OpCA)                  Turns: 16635, Time: 00:56:51

Health: -7/81      AC:  3    Str: 19    XL:     12   Next: 0%
Magic:  9/22       EV: 15    Int: 32    God:    Ignis [*****.]
Gold:   809        SH:  0    Dex: 15    Spells: 12/25 levels left

rFire   . . .      SeeInvis +   a - +2 dagger (protect)
rCold   + . .      Faith    .   (no shield)
rNeg    + . .      Spirit   .   k - +2 hat
rPois   .          Reflect  .   e - amulet "Ufoocaus" {Acrobat Contam Int+6}
rElec   .          Harm     .   s - ring of see invisible
rCorr   .          Rampage  .   w - +6 ring of strength
Will    .....                   A - ring of positive energy
Stlth   ++++......              l - +6 ring of dexterity
HPRegen 0.23/turn               B - +6 ring of intelligence
MPRegen 0.18/turn               q - ring of wizardry
                                X - ring of wizardry
                                d - ring of ice

@: no status effects
A: almost no armour, amphibious, 8 rings, camouflage 1, gelatinous body 1,
(nimble swimmer 1), tentacles
a: Renounce Religion, Fiery Armour, Foxfire Swarm, Rising Flame


You were on level 1 of the Lair of Beasts.
You worshipped Ignis.
Ignis was extremely pleased with you.
You visited 2 branches of the dungeon, and saw 11 of its levels.
You also visited: Bailey.

You collected 865 gold pieces.
You spent 56 gold pieces at shops.

Inventory:

Hand Weapons
 a - a +2 dagger of protection (weapon)
   (You found it on level 1 of the Dungeon)
 b - the +3 shortbow of the Valley {freeze, rF- Str+2 Dex+6}
   (You took it off an orc in a bailey)

   Any ammunition fired from it freezes those it strikes, dealing additional
   cold damage.
   It can also slow down cold-blooded creatures.
   Str:       It affects your strength (+2).
   Dex:       It affects your dexterity (+6).
   rF:        It makes you vulnerable to fire.
 N - a +1 dagger of flaming
   (You took it off an orc wizard on level 10 of the Dungeon)
 O - a +1 rapier of venom
   (You took it off Eustachio on level 3 of the Dungeon)
 W - the +7 whip of the Tired People {holy, rF+}
   (You found it on level 10 of the Dungeon)

   It has been blessed by the Shining One to cause great damage to the undead
   and demons.
   rF:        It protects you from fire.
 Z - a +2 spear of distortion
   (You took it off a gnoll on level 5 of the Dungeon)
Missiles
 t - 4 boomerangs (quivered)
 F - 2 curare-tipped darts
 K - 13 boomerangs of dispersal
 L - 14 poisoned darts
Armour
 k - a +2 hat (worn)
   (You found it on level 1 of the Dungeon)
Jewellery
 d - a ring of ice (on tentacle)
   (You found it on level 1 of the Dungeon)
 e - the amulet "Ufoocaus" (around mantle) {Acrobat Contam Int+6}
   (You acquired it on level 8 of the Dungeon)

   [amulet of the acrobat]

   It increases your evasion while moving and waiting.
   Int:       It affects your intelligence (+6).
   Contam:    It causes magical contamination when unequipped.
 g - an amulet of magic regeneration
   (You found it on level 10 of the Dungeon)
 l - a +6 ring of dexterity (on tentacle)
   (You found it on level 7 of the Dungeon)
 q - a ring of wizardry (on tentacle)
   (You found it on level 7 of the Dungeon)
 r - an amulet of regeneration
   (You found it on level 1 of the Dungeon)
 s - a ring of see invisible (left tentacle)
   (You found it on level 1 of the Dungeon)
 w - a +6 ring of strength (right tentacle)
   (You found it on level 3 of the Dungeon)
 A - a ring of positive energy (on tentacle)
   (You took it off a hobgoblin on level 4 of the Dungeon)
 B - a +6 ring of intelligence (on tentacle)
   (You found it on level 4 of the Dungeon)
 X - a ring of wizardry (on tentacle)
   (You found it on level 10 of the Dungeon)
Wands
 C - a wand of charming (10)
   (You took it off an orc on level 4 of the Dungeon)
 D - a wand of digging (9)
   (You found it on level 8 of the Dungeon)
 E - a wand of polymorph (31)
   (You found it on level 8 of the Dungeon)
 I - a wand of iceblast (13)
   (You found it on level 6 of the Dungeon)
 V - a wand of flame (35)
   (You took it off Natasha on level 2 of the Dungeon)
Scrolls
 c - a scroll of enchant armour
 f - 11 scrolls of fear
 h - a scroll of vulnerability
 i - a scroll of amnesia
 j - 4 scrolls of immolation
 m - 5 scrolls of fog
 y - 3 scrolls of enchant weapon {unknown}
 G - 3 scrolls of poison
 J - a scroll of summoning
 M - 2 scrolls of magic mapping
 T - 3 scrolls of teleportation
Potions
 n - 3 potions of lignification
 o - 3 potions of mutation
 p - 3 potions of might
 u - 2 potions of degeneration {unknown}
 v - a potion of invisibility
 x - a potion of cancellation
 z - 5 potions of brilliance {unknown}
 H - 2 potions of haste
 P - 2 potions of flight {unknown}
 Q - 5 potions of curing
 S - a potion of magic
 Y - a potion of ambrosia {unknown}
Miscellaneous
 U - a phial of floods (inert)
   (You found it on level 9 of the Dungeon)


   Skills:
 + Level 7.0 Fighting
 - Level 3.0 Short Blades
 - Level 2.0 Throwing
 - Level 6.0 Dodging
 - Level 7.0 Stealth
 + Level 7.0 Spellcasting
 - Level 4.0 Conjurations
 - Level 3.0 Translocations
 + Level 9.0 Transmutations
 - Level 6.0 Fire Magic
 - Level 6.0 Earth Magic
 - Level 5.0 Evocations


You had 12 spell levels left.
You knew the following spells:

 Your Spells              Type           Power      Damage    Failure   Level
a - Scorch                Fire           98%        2d9       1%          2
b - Blink                 Tloc           60%        N/A       1%          2
c - Petrify               Tmut/Erth      56%        N/A       1%          4
d - Irradiate             Conj/Tmut      26%        3d20      2%          5

Your spell library contained the following spells:

 Spells                   Type           Power      Damage    Failure   Level
 Sting                    Tmut/Pois      100%       1d8       1%          1
 Poisonous Vapours        Pois/Air       22%        N/A       1%          2
 Sublimation of Blood     Necr           11%        N/A       1%          2
 Wereblood                Tmut           62%        N/A       1%          2
 Gell's Gravitas          Tloc           30%        N/A       1%          3
 Lesser Beckoning         Tloc           30%        N/A       1%          3
 Teleport Other           Tloc           30%        N/A       1%          3
 Manifold Assault         Tloc           30%        N/A       9%          5
 Olgreb's Toxic Radiance  Pois           11%        N/A       11%         4
 Storm Form               Tmut/Air       20%        N/A       77%         7
 Summon Hydra             Summ           5%         N/A       100%        7


Dungeon Overview and Level Annotations

Branches:
Dungeon (10/15) Zot: 23844  Temple (0/1) D:6            Lair (1/5) D:10 Zot: 5788
 Bailey (visited)
    Orc: D:9-12

Altars:
Cheibriados
Dithmenos
Elyvilon
Fedhas
Kikubaaqudgha
Makhleb
Nemelex Xobeh
Okawaru
Qazlal
Ru
Vehumet
Zin

Shops:
D:8 ?   D:9 (

Annotations:
D:8 3 runed translucent doors dig loot, Sabo's ghost, novice PaAE


Innate Abilities, Weirdness & Mutations

You cannot wear most types of armour.
You are amphibious.
You can wear up to eight rings at the same time.
Your skin changes colour to match your surroundings (Stealth+).
Your rubbery body absorbs attacks. (AC +1, EV +1)
((You are camouflaged when in or above water. (Stealth+)))
You have tentacles for arms and can constrict up to eight enemies at once.


Message History

a - a +2 dagger of protection (weapon)
You completely miss Fannar. You grab Fannar.
You squeeze Fannar, but do no damage. You constrict Fannar.
Fannar completely misses you.
You hit Fannar.
Your weapon exudes an aura of protection.
You squeeze Fannar.
Fannar is lightly wounded.
You constrict Fannar. Fannar misses you.
You hit Fannar but do no damage.
Fannar is lightly wounded.
You constrict Fannar. Fannar barely misses you.
You hit Fannar. You squeeze Fannar, but do no damage.
Fannar is lightly wounded.
You constrict Fannar. You hit Fannar but do no damage.
Fannar is lightly wounded.
You constrict Fannar.
Fannar stops moving altogether!
Your magical contamination has completely faded away.
The helpless Fannar fails to defend themself.
You impale Fannar!! You squeeze Fannar.
Fannar is moderately wounded.
You constrict Fannar.
The helpless Fannar fails to defend themself.
You perforate Fannar like a sieve!!! You squeeze Fannar, but do no damage.
Fannar is heavily wounded.
You constrict Fannar.
The helpless Fannar fails to defend themself.
You impale Fannar!!
Fannar is severely wounded.
You constrict Fannar.
The helpless Fannar fails to defend themself.
You impale Fannar!!
Fannar is almost dead.
You constrict Fannar.
The helpless Fannar fails to defend themself.
You impale Fannar!!
You kill Fannar!
Training target 7.0 for Fighting reached!
Training target 7.0 for Stealth reached!
Your Fighting skill increases to level 7!
Your Stealth skill increases to level 7!
Casting: Petrify (mildly dangerous; 1% risk of failure)
Confirm with . or Enter, or press ? or * to list all spells.
Flames lash the cane toad.
The cane toad is moderately wounded.
The cane toad's fire resistance burns away.
The cane toad barely misses you. The cane toad stings you!
You are poisoned.
The cane toad poisons you!
You take 10 damage, and have 59/75 hp.
You now have 5/21 mp.
Casting: Scorch (safe; 1% risk of failure)
Confirm with . or Enter, or press ? or * to list all spells.
Flames lash the cane toad.
The cane toad is burned terribly!
The cane toad is severely wounded.
You feel very sick. The cane toad closely misses you.
You take 5 damage, and have 54/75 hp.
You now have 4/21 mp.
Casting: Scorch (safe; 1% risk of failure)
Confirm with . or Enter, or press ? or * to list all spells.
Flames lash the cane toad.
The cane toad is burned terribly!
The cane toad is severely wounded.
You feel very sick. The cane toad stings you.
You take 5 damage, and have 49/75 hp.
You now have 2/21 mp.
Casting: Scorch (safe; 1% risk of failure)
Confirm with . or Enter, or press ? or * to list all spells.
Flames lash the cane toad.
The cane toad is burned terribly!
The cane toad is almost dead.
You feel very sick. The cane toad closely misses you.
You take 2 damage, and have 47/75 hp.
You now have 0/21 mp.
You hit the cane toad but do no damage. Your grab misses the cane toad.
The cane toad is almost dead.
You feel sick. The cane toad stings you!
You are more poisoned.
The cane toad poisons you!
You take 10 damage, and have 37/75 hp.
Okay, then.
Unknown command.
You feel better. The cane toad stings you!
You take 4 damage, and have 33/75 hp.
You hit the cane toad but do no damage. You grab the cane toad.
The cane toad is almost dead.
You constrict the cane toad. The cane toad stings you!
You are poisoned.
The cane toad poisons you! The cane toad stings you!
* * * LOW HITPOINT WARNING * * *
You are more poisoned.
The cane toad poisons you!
You take 20 damage, and have 13/75 hp.
MASSIVE DAMAGE!!
You feel better.
You constrict the cane toad, but do no damage.
The cane toad misses you.
You regained 8 hp, and now have 21/75 hp.
You hit the cane toad but do no damage.
The cane toad is almost dead.
You constrict the cane toad. The cane toad closely misses you.
You barely miss the cane toad.
You squeeze the cane toad, but do no damage.
The cane toad is almost dead.
You constrict the cane toad. The cane toad barely misses you.
You hit the cane toad but do no damage.
The cane toad is almost dead.
You constrict the cane toad.
You kill the cane toad!
Training target 9.0 for Transmutations reached!
Training target 7.0 for Spellcasting reached!
Your Spellcasting skill increases to level 7!
Your Transmutations skill increases to level 9!
You need to enable at least one skill for training.
You have reached level 12!
You regained 2 hp, and now have 24/81 hp.
Unknown command.
Unknown command.
You start resting.
A cane toad comes into view.
You regained 15 hp, and now have 39/81 hp.
You regained 12 mp, and now have 13/22 mp.
Items here: ! ) = [ †.
There is an escape hatch in the floor here.
The cane toad attacks as you move away! The cane toad completely misses you.
There is a staircase back to the Dungeon here.
Casting: Scorch (safe; 1% risk of failure)
Confirm with . or Enter, or press ? or * to list all spells.
Flames lash the cane toad.
The cane toad is moderately wounded.
The cane toad's fire resistance burns away.
The cane toad closely misses you.
You now have 15/22 mp.
Casting: Scorch (safe; 1% risk of failure)
Confirm with . or Enter, or press ? or * to list all spells.
Flames lash the cane toad.
The cane toad is burned terribly!
The cane toad is severely wounded.
The cane toad barely misses you.
You now have 13/22 mp.
Casting: Scorch (safe; 1% risk of failure)
Confirm with . or Enter, or press ? or * to list all spells.
Flames lash the cane toad.
The cane toad is burned terribly!
The cane toad is almost dead.
The cane toad stings you!!
* * * LOW HITPOINT WARNING * * *
You take 24 damage, and have 20/81 hp.
MASSIVE DAMAGE!!
You now have 11/22 mp.
Casting: Scorch (safe; 1% risk of failure)
Confirm with . or Enter, or press ? or * to list all spells.
Flames lash the cane toad but do no damage.
The cane toad stings you.
* * * LOW HITPOINT WARNING * * *
The cane toad stings you!!
You die...

#######...##...##
##.#.#.##.##.....#
#####...............##..
##..............>........#
#.####...#####.####...(..P
........#..##.# #......#
...........P#.# #......#
..P#..†#.#F##.. ##.......
.. ##..###@##.. ....... #
#......##### ......
#..###.# ##.# #.# #.# #[#
#.# #.# #.. ..# ... ..#
..P #..


You could see a cane toad (combustible).

Vanquished Creatures
  An orc warlord (Bailey)
  Fannar (Lair:1)
  A fire dragon (D:10)
  A hydra (D:9)
  A two-headed ogre (D:10)
  A deep elf pyromancer (D:9)
  2 cane toads (Lair:1)
  A troll (D:10)
  Prince Ribbit (D:5)
  Sigmund (D:5)
  2 shadows (D:10)
  A wyvern (Lair:1)
  12 yaks
  Eustachio (D:3)
  Menkaure (D:6)
  Grum (D:9)
  A steam dragon (D:6)
  Edmund (D:5)
  2 acid dragons
  2 water moccasins (D:7)
  14 orc warriors
  An ice beast (D:8)
  A sky beast (D:6)
  An ogre (D:6)
  4 wolves (D:9)
  2 centaurs (D:9)
  Blork the orc (D:4)
  3 kobold brigands
  A bullfrog (D:7)
  A scorpion (D:5)
  10 killer bees
  6 howler monkeys
  2 vampire bats (D:7)
  2 jellies (D:5)
  3 quasits (D:8)
  4 hounds
  2 gnoll boudas
  3 orc priests
  3 iguanas
  12 orc wizards
  Natasha (thrice) (D:2)
  16 gnolls
  6 adders
  A shadow imp (D:7)
  A worm (D:2)
  3 dart slugs
  46 orcs
  A bat skeleton (D:7)
  3 bat zombies (D:7)
  4 endoplasms
  A giant cockroach (D:3)
  20 goblins
  20 hobgoblins
  6 jackals (D:2)
  4 quokkas
  10 ball pythons
  5 bats
  5 frilled lizards
  19 kobolds
  4 rats
289 creatures vanquished.

Vanquished Creatures (collateral kills)
  A steam dragon (D:8)
1 creature vanquished.

Vanquished Creatures (others)
  A hornet (D:8)
  An orc warrior (Bailey)
  3 fungi (Lair:1)
  2 plants
7 creatures vanquished.

Grand Total: 297 creatures vanquished

Notes
Turn   | Place    | Note
-------+----------+-------------------------------------------
     0 | D:1      | mdonais the Octopode Cinder Acolyte began the quest for the
                  | Orb.
     0 | D:1      | Reached XP level 1. HP: 16/16 MP: 2/2
    23 | D:1      | Reached skill level 1 in Stealth
    63 | D:1      | Reached XP level 2. HP: 19/21 MP: 3/3
   419 | D:1      | Found a faded altar of an unknown god.
   594 | D:1      | Reached XP level 3. HP: 26/26 MP: 4/4
   824 | D:2      | Learned a level 2 spell: Scorch
  1025 | D:2      | Reached XP level 4. HP: 31/31 MP: 6/6
  1051 | D:2      | Learned a level 2 spell: Blink
  1084 | D:2      | Noticed Natasha
  1087 | D:2      | Killed Natasha
  1249 | D:2      | Reached skill level 1 in Translocations
  1354 | D:2      | You fall into a shaft and drop 1 floor!
  1389 | D:2      | Reached XP level 5. HP: 36/36 MP: 1/8
  1818 | D:2      | Noticed Natasha
  1826 | D:2      | Killed Natasha
  1984 | D:2      | Noticed Natasha
  1989 | D:2      | Killed Natasha
  2719 | D:3      | Found a stormy altar of Qazlal.
  3143 | D:3      | Found a burning altar of Makhleb.
  3550 | D:4      | Reached XP level 6. HP: 42/42 MP: 5/10
  3652 | D:4      | Noticed Blork the orc
  3777 | D:4      | Found a sacrificial altar of Ru.
  3890 | D:4      | Noticed Eustachio
  4001 | D:4      | Killed Blork the orc
  4002 | D:4      | Reached skill level 1 in Evocations
  4117 | D:4      | Reached skill level 5 in Fire Magic
  4198 | D:4      | Found a blossoming altar of Fedhas.
  4276 | D:4      | Reached XP level 7. HP: 46/46 MP: 8/11
  4603 | D:3      | Killed Eustachio
  4604 | D:3      | Reached skill level 1 in Dodging
  4662 | D:5      | Entered Level 5 of the Dungeon
  4814 | D:5      | Found a white marble altar of Elyvilon.
  5023 | D:5      | Noticed Prince Ribbit
  5027 | D:5      | Killed Prince Ribbit
  5028 | D:5      | Reached skill level 5 in Stealth
  5028 | D:5      | Reached XP level 8. HP: 32/54 MP: 3/12
  5102 | D:6      | Found a shadowy altar of Dithmenos.
  5962 | D:6      | Found a staircase to the Ecumenical Temple.
  6140 | D:6      | Noticed Menkaure
  6143 | D:6      | Killed Menkaure
  6230 | D:7      | Found a radiant altar of Vehumet.
  6271 | D:7      | Reached skill level 1 in Throwing
  6840 | D:7      | Found an ancient bone altar of Kikubaaqudgha.
  6853 | D:7      | Reached XP level 9. HP: 53/59 MP: 15/15
  7072 | D:7      | Found an iron altar of Okawaru.
  7076 | D:7      | Reached skill level 5 in Evocations
  7178 | D:8      | Found a flagged portal.
  7196 | D:8      | Found Baextydd's Magic Scroll Boutique.
  7206 | D:8      | Bought a scroll of fear for 56 gold pieces
  7223 | D:8      | Learned a level 4 spell: Petrify
  7255 | Bailey   | Entered a bailey
  7368 | Bailey   | Reached skill level 5 in Fighting
  7368 | Bailey   | Reached skill level 1 in Transmutations
  7526 | Bailey   | Reached skill level 1 in Earth Magic
  7738 | Bailey   | Reached skill level 2 in Transmutations
  7891 | Bailey   | Reached skill level 3 in Transmutations
  8023 | Bailey   | Identified the +3 shortbow of the Valley {freeze, rF- Str+2
                  | Dex+6}
  8458 | Bailey   | Noticed an orc warlord
  8513 | Bailey   | Killed an orc warlord
  8514 | Bailey   | Reached skill level 5 in Dodging
  8514 | Bailey   | Reached skill level 4 in Transmutations
  8514 | Bailey   | Reached XP level 10. HP: 66/66 MP: 2/17
  8726 | Bailey   | Reached skill level 5 in Spellcasting
  8903 | D:8      | Acquired the amulet "Ufoocaus" {Acrobat Contam Int+6}
  8965 | D:8      | Found a runed translucent gate.
  8965 | D:8      | Found a runed translucent gate.
  8965 | D:8      | Found a runed translucent gate.
  8966 | D:8      | Noticed Sabo's ghost (novice PaAE)
  8966 | D:8      | Noticed a manticore
  9216 | D:8      | Reached skill level 5 in Transmutations
  9512 | D:8      | Reached skill level 5 in Earth Magic
 10638 | D:8      | Reached skill level 6 in Transmutations
 11281 | D:8      | Reached skill level 7 in Transmutations
 11371 | D:8      | Identified the +0 robe "Qaiteat" {rElec Regen+ Str+3}
 11581 | D:8      | Learned a level 5 spell: Irradiate
 11773 | D:9      | Noticed a deep elf pyromancer
 11784 | D:9      | Killed a deep elf pyromancer
 11785 | D:9      | Reached skill level 1 in Conjurations
 11873 | D:9      | Reached XP level 11. HP: 71/72 MP: 12/19
 11938 | D:9      | Found a sparkling altar of Nemelex Xobeh.
 12221 | D:9      | Found Baleb's Weapon Shop.
 12290 | D:9      | Noticed Grum
 12496 | D:9      | Found a glowing silver altar of Zin.
 12513 | D:9      | Noticed a seven-headed hydra
 12530 | D:9      | Killed a seven-headed hydra
 12958 | D:9      | Killed Grum
 13294 | D:10     | Entered Level 10 of the Dungeon
 13299 | D:9      | Reached skill level 8 in Transmutations
 13358 | D:10     | Identified the +7 whip of the Tired People {holy, rF+}
 14104 | D:10     | Noticed a fire dragon
 14392 | D:10     | Noticed a two-headed ogre
 14404 | D:10     | Killed a two-headed ogre
 14534 | D:10     | Found a staircase to the Lair.
 14541 | D:10     | Killed a fire dragon
 15083 | D:9      | Found a glowing silver altar of Zin.
 15205 | D:9      | Found Baleb's Weapon Shop.
 15311 | D:9      | Found a sparkling altar of Nemelex Xobeh.
 15626 | D:5      | Noticed Sigmund
 15634 | D:5      | Killed Sigmund
 15922 | D:5      | Noticed Edmund
 15926 | D:5      | Killed Edmund
 15983 | D:5      | Found a snail-covered altar of Cheibriados.
 16423 | Lair:1   | Entered Level 1 of the Lair of Beasts
 16514 | Lair:1   | Noticed Fannar
 16534 | Lair:1   | Killed Fannar
 16546 | Lair:1   | Reached skill level 9 in Transmutations
 16546 | Lair:1   | Reached XP level 12. HP: 24/81 MP: 1/22
 16635 | Lair:1   | Mangled by a cane toad

Illustrated notes

Levels and vault maps discovered:
D:1:      minmay_arrival_cross, layout_rooms,
          hellmonk_ecumenical_altar_inner_sanctum, hangedman_decor_opposing,
          st_stairs_8
D:2:      layout_basic, uniq_natasha
D:3:      layout_basic, nicolae_overflow_crystal_walls,
          mainiacjoe_overflow_cross_hatched, serial_aquarium,
          aquarium_bridge_square [aquarium_subvault_wall,
          aquarium_subvault_window, aquarium_subvault_bridge,
          aquarium_subvault_wall], aquarium_bridge_square
          [aquarium_subvault_bridge, aquarium_subvault_bridge,
          aquarium_subvault_balcony, aquarium_subvault_bridge],
          aquarium_window_fake, aquarium_window_corner, aquarium_view_2c,
          aquarium_view_2f, aquarium_balcony_3b, st_stairs_13,
          minmay_misc_feat_four_crosses
D:4:      layout_cave_pools, nicolae_ru_awakened_eye, overflow_temple_1_default,
          corner_web_ring, uniq_blork_the_orc, uniq_eustachio
D:5:      layout_basic, mainiacjoe_overflow_chevrons,
          lemuel_coloured_pillars_altar, minmay_misc_feat_chi, uniq_sigmund,
          uniq_prince_ribbit1, uniq_edmund
D:6:      layout_loops_corners, amcnicky_altar_gilded,
          minmay_temple_entry_junction, uniq_menkaure
D:7:      layout_basic, kennysheep_vampire_church, vehumet_crystals,
          kennysheep_okawaru_gauntlet
D:8:      cheibrodos_quashed, layout_basic, serial_shops, nicolae_stop_n_shop_1,
          enter_bailey_3, gammafunk_ghost_split, minmay_unpleasant_kobolds
D:9:      layout_rooms, nemelex_diamond_rough_becter,
          mainiacjoe_overflow_24_doors, minmay_misc_feat_columns,
          kennysheep_small_square, uniq_grum
D:10:     layout_basic, minmay_lair_entry_lava, serial_glass, glass_columns_c,
          glass_columns_c, minmay_tree_intersection
Lair:1:   dreamdust_isle_of_ice, layout_loops_ring,
          chequers_serial_rivers_large_b, grunt_megastairs_1,
          serial_bayou_shore_b, lemuel_fruit_tree, uniq_harold, uniq_fannar

Skill      XL: |  1  2  3  4  5  6  7  8  9 10 11 |
---------------+----------------------------------+-----
Stealth        | 2 3 5 6 7 |  7.0
Spellcasting   | 2 3 4 5 7 |  7.0
Translocations | 1 2 3 |  3.0
Fire Magic     | 4 5 6 |  6.0
Evocations     | 1 4 5 |  5.0
Dodging        | 2 5 6 |  6.0
Fighting       | 4 5 7 |  7.0
Throwing       | 1 2 |  2.0
Transmutations | 4 7 9 |  9.0
Earth Magic    | 4 6 |  6.0
Conjurations   | 1 4 |  4.0
Short Blades   | |  3.0

Action                   |  1- 3 |  4- 6 |  7- 9 | 10-12 || total
-------------------------+-------+-------+-------+-------++-------
Melee: Short sword       |    28 |       |       |     2 ||    30
       Tentacles         |    14 |     7 |    17 |    14 ||    52
       Constrict         |    12 |     8 |    19 |     6 ||    45
       Dagger            |    35 |    54 |    50 |    46 ||   185
       Punch             |       |     1 |     1 |     3 ||     5
       Rapier            |       |       |     7 |       ||     7
 Fire: Shortbow          |       |       |    10 |    91 ||   101
Throw: Boomerang         |     3 |     3 |    19 |     1 ||    26
       Dart              |       |     4 |     7 |       ||    11
 Cast: Scorch            |     5 |    48 |   125 |   211 ||   389
       Petrify           |       |       |     1 |    15 ||    16
       Blink             |       |       |     1 |       ||     1
       Irradiate         |       |       |       |     1 ||     1
Evoke: Wand              |       |       |     3 |     3 ||     6
       Phial of floods   |       |       |       |     1 ||     1
  Use: Scroll            |       |     6 |     8 |     6 ||    20
       Potion            |       |       |     1 |     5 ||     6
 Stab: Sleeping          |     7 |     9 |     4 |     4 ||    24
       Distracted        |       |     1 |       |       ||     1
       Petrified         |       |       |     6 |    21 ||    27
Armor: Skin              |     8 |    13 |    28 |    23 ||    72
Dodge: Dodged            |    24 |    31 |    65 |   153 ||   273
